 Dungeon Crawl Stone Soup version 0.31-a0-1099-g7fa767f3fe (webtiles) character file.

Game seed: 1649425320578561723

131336 Bnni the Impaler (level 16, -4/150 HPs)
             Began as a Minotaur Fighter on Nov 30, 2023.
             Was a Follower of Yredelemnul.
             Slain by a balrug
             ... wielding a +0 demon whip
             ... summoned by Asterion
              (16 damage)
             ... on level 1 of the Spider Nest on Dec 1, 2023.
             The game lasted 01:21:00 (19826 turns).

Bnni the Impaler (Minotaur Fighter)                Turns: 19826, Time: 01:21:00

Health: -4/150     AC: 30    Str: 24    XL:     16   Next: 55%
Magic:  21/27      EV:  7    Int:  5    God:    Yredelemnul [*.....]
Gold:   2274       SH:  0    Dex: 12    Spells: 15/15 levels left

rFire   . . .        W - +0 glaive (freeze)
rCold   + . .        (shield currently unavailable)
rNeg    + . .        h - +2 chain mail of Defiance {rC+ rN+ Regen+ Str-3}
rPois   .            (helmet restricted)
rElec   .            q - +1 cloak
rCorr   .            U - +2 pair of gloves
SInv    .            c - +0 pair of boots {rampage}
Will    +....        B - amulet of faith Stlth
                     O - +4 ring of protection
HPRegen 1.25/turn    x - +4 ring of protection
MPRegen 0.20/turn

%: rampage, faith
@: held
A: horns 2, retaliatory headbutt
a: Renounce Religion, Recall Undead Harvest


You were on level 1 of the Spider Nest.
You worshipped Yredelemnul.
Yredelemnul was most pleased with you.
You visited 4 branches of the dungeon, and saw 23 of its levels.
You visited 1 bazaar.
You also visited: Bailey, Ice Cave and Volcano.

You collected 3333 gold pieces.
You spent 1059 gold pieces at shops.

Inventory:

Hand Weapons
 W - a +0 glaive of freezing (weapon)
Missiles
 z - 4 curare-tipped darts
 A - 17 boomerangs (quivered)
 K - 9 javelins
Armour
 c - a +0 pair of boots of rampaging (worn)
 h - the +2 chain mail of Defiance (worn) {rC+ rN+ Regen+ Str-3}
   (You found it on level 2 of the Dungeon)

   Str-3:     It affects your strength (-3).
   rC+:       It protects you from cold.
   rN+:       It protects you from negative energy.
   Regen+:    It increases your rate of health regeneration.
 q - a +1 cloak (worn)
 r - the +5 Storm Queen's Shield {shock, Fly rElec}
   (You bought it in a shop in a bazaar)

   Shock:     When it blocks an attack, it may electrocute the attacker.
   This works even against foes who are a short distance away.
   rElec:     It insulates you from electricity.
   Fly:       It grants you flight.
 U - a +2 pair of gloves (worn)
Jewellery
 g - a ring of flight
 l - an amulet of reflection
 u - a ring of positive energy
 w - the brooch of Shielding {Spirit SH+8}
   (You found it on level 15 of the Dungeon)

   [amulet of guardian spirit]

   Spirit:    It causes incoming damage to be divided between your reserves of
   health and magic.
   SH+8:      It affects your SH (+8).
 x - a +4 ring of protection (right hand)
 B - an amulet of faith (around neck)
 O - a +4 ring of protection (left hand)
 V - a ring of ice
 Y - a ring of see invisible
Wands
 b - a wand of digging (7)
 J - a wand of paralysis (12)
 M - a wand of flame (48)
 N - a wand of iceblast (4)
 T - a wand of mindburst (9)
 X - a wand of quicksilver (9)
Scrolls
 a - 2 scrolls of silence
 d - 4 scrolls of enchant weapon
 f - a scroll of summoning
 k - 7 scrolls of teleportation
 m - 9 scrolls of fog
 t - 4 scrolls of amnesia
 v - 5 scrolls of enchant armour
 y - 6 scrolls of revelation
 E - 3 scrolls of fear
 G - 5 scrolls of blinking
 H - 4 scrolls of immolation
 L - 3 scrolls of poison
Potions
 e - 5 potions of attraction
 i - 3 potions of berserk rage
 j - 3 potions of enlightenment
 n - 7 potions of haste
 o - 8 potions of curing
 s - 2 potions of might
 C - 3 potions of mutation
 D - 3 potions of magic
 F - 3 potions of heal wounds
 I - a potion of ambrosia {unknown}
 P - 4 potions of invisibility {unknown}
 Q - a potion of resistance
 S - 2 potions of cancellation {unknown}
Miscellaneous
 R - a lightning rod (4/4)


   Skills:
 + Level 15.7 Fighting
 - Level 17.1 Polearms
 + Level 10.1 Throwing
 + Level 12.7 Armour
 + Level 11.2 Dodging
 - Level 5.3 Shields
 * Level 16.1 Invocations


You had 15 spell levels left.
You didn't know any spells.
Your spell library contained the following spells:

 Spells                   Type           Power      Damage    Failure   Level
 Freeze                   Ice            0%         1d3       90%         1
 Necrotise                Necr           0%         1d4       90%         1
 Sandblast                Erth           0%         2d4       90%         1
 Shock                    Conj/Air       0%         1d3       90%         1
 Blink                    Tloc           0%         N/A       97%         2
 Cigotuvi's Dreadful Rot  Necr/Pois/Air  0%         N/A       97%         2
 Ensorcelled Hibernation  Hex/Ice        0%         N/A       97%         2
 Lesser Beckoning         Tloc           0%         N/A       97%         2
 Momentum Strike          Conj/Tloc      0%         3d8       97%         2
 Passwall                 Tmut/Erth      0%         N/A       97%         2
 Poisonous Vapours        Pois/Air       0%         N/A       97%         2
 Searing Ray              Conj           0%         2d4       97%         2
 Wereblood                Tmut           0%         N/A       97%         2
 Call Canine Familiar     Summ           0%         N/A       99%         3
 Frozen Ramparts          Ice            0%         1d1       99%         3
 Gell's Gravitas          Tloc           0%         N/A       99%         3
 Ignite Poison            Fire/Tmut/Pois 0%         N/A       99%         3
 Mephitic Cloud           Conj/Pois/Air  0%         N/A       99%         3
 Sigil of Binding         Hex            0%         N/A       99%         3
 Stone Arrow              Conj/Erth      0%         3d7       99%         3
 Teleport Other           Tloc           0%         N/A       99%         3
 Animate Armour           Summ/Erth      0%         N/A       100%        4
 Brom's Barrelling Bould  Conj/Erth      0%         2d3       100%        4
 Dimensional Bullseye     Hex/Tloc       0%         N/A       100%        4
 Dispel Undead            Necr           0%         3d6       100%        4
 Iskenderun's Mystic Bla  Conj/Tloc      0%         2d3       100%        4
 Leda's Liquefaction      Hex/Erth       0%         N/A       100%        4
 Vhi's Electric Charge    Tloc/Air       0%         N/A       100%        4
 Arcjolt                  Conj/Air       0%         1d10      100%        5
 Borgnjor's Vile Clutch   Necr/Erth      0%         N/A       100%        5
 Fireball                 Conj/Fire      0%         3d3       100%        5
 Freezing Cloud           Conj/Ice/Air   0%         6-21      100%        5
 Irradiate                Conj/Tmut      0%         3d11      100%        5
 Iskenderun's Battlesphe  Conj           0%         2d6       100%        5
 Conjure Ball Lightning   Conj/Air       0%         3x3d6     100%        6
 Plasma Beam              Fire/Air       0%         2x1d10    100%        6
 Starburst                Conj/Fire      0%         6d3       100%        6
 Orb of Destruction       Conj           0%         9d5       100%        7
 Discord                  Hex            0%         N/A       100%        8
 Disjunction              Tloc           0%         N/A       100%        8
 Lehudib's Crystal Spear  Conj/Erth      0%         10d2      100%        8
 Chain Lightning          Conj/Air       0%         N/A       100%        9
 Death's Door             Necr           0%         N/A       100%        9
 Fire Storm               Conj/Fire      0%         5d1       100%        9
 Shatter                  Erth           0%         3d5*      100%        9
 Animate Dead             Necr           Unusable   N/A       N/A         4
 Death Channel            Necr           Unusable   N/A       N/A         6

Dungeon Overview and Level Annotations

Branches:
Dungeon (15/15)            Temple (0/1) D:7            Lair (5/5) D:9
  Swamp (0/4) Lair:3       Spider (1/4) Lair:2        Slime (0/5) Lair:4
    Orc (2/2) D:10            Elf (0/3) Orc:2        Vaults (0/5) D:14
 Depths (0/4) D:15         Bailey (visited)           IceCv (visited)
Volcano (visited)

Altars:
Ashenzari
Cheibriados
Dithmenos
Gozag
Okawaru
Qazlal
Sif Muna
Uskayaw
Wu Jian
Xom
Yredelemnul
Zin
The Shining One
Jiyva

Shops:
D:5 ?   D:8 =   D:10 [   Orc:2 ([*?

Portals:
Bazaar: D:13

Annotations:
Spider:1 Asterion


Innate Abilities, Weirdness & Mutations

You have a pair of horns on your head.
You reflexively headbutt those who attack you in melee.


Message History

Asterion gores you. The wolf spider completely misses you.
The wolf spider bites you but does no damage.
The jumping spider leaps!
Asterion blocks your attack.
You headbutt Asterion!
Asterion is severely wounded.
The jumping spider leaps!
The wolf spider closely misses you. You furiously retaliate!
You headbutt the wolf spider! The wolf spider barely misses you.
Your bound orc warlord hits Asterion with a +0 great mace!
The balrug hits you with a +0 demon whip.
You are engulfed in flames!!
* * * LOW HITPOINT WARNING * * *
Asterion utters an invocation to Makhleb.
Asterion seems to speed up.
Unknown command.
Aiming: Quicksilver Bolt
Press: ? - help, Shift-Dir - straight line, p - Asterion The bolt of dispelling energy hits Asterion but does no damage.
Asterion is almost dead.
Asterion's magical effects unravel!
Asterion blocks your bound orc warlord's attack.
The balrug gestures at you. Makhleb smites you!
* * * LOW HITPOINT WARNING * * *
Asterion hits you with a +2 spectral demon whip!
* * * LOW HITPOINT WARNING * * *
Asterion closely misses you. The wolf spider completely misses you.
The wolf spider bites you.
* * * LOW HITPOINT WARNING * * *
Unknown command.
You feel much better. The jumping spider pounces on you!
* * * LOW HITPOINT WARNING * * *
You are caught in a web!
The jumping spider bites you but does no damage.
The wolf spider hits you.
* * * LOW HITPOINT WARNING * * *
The wolf spider barely misses you.
The balrug hits you with a +0 demon whip!
You die...
Your body rises from the dead as a mindless zombie.

###...○.#...##..#...
.#....B ... #.. s..
#.....# .). ... #..
.....##. .... ..
#°.(.s. ..#.. s.
)ss.# ..# #(.##....
##HZ......
###@s...##..
#..s2...#
##..#°!.....
#...#...##!..
##.##...# ..
####...s. . #..##..
..# ..


You could see Asterion (possessable, poisoned, ally target), a radroach, a
balrug (summoned), a wolf spider, 3 jumping spiders, 2 redbacks and a friendly
bound orc warlord.

Vanquished Creatures
  An orc warlord (Bailey)
  3 dire elephants (Lair:5)
  Snorg (D:11)
  3 yaktaur captains
  3 fire dragons
  7 hydras
  5 centaur warriors
  A boulder beetle (D:13)
  2 two-headed ogres
  A tengu warrior (D:13)
  10 death yaks
  Urug (Lair:2)
  The ghost of jotaen the Spear-Bearer, a novice MiFi (D:5)
  A pharaoh ant (Lair:2)
  A sea snake (shapeshifter) (D:13)
  A skyshark (Lair:4)
  A spectral anaconda (Lair:5)
  3 lindwurms
  7 glowing orange brains (D:13)
  An obsidian statue (Lair:5)
  Pikel (D:7)
  3 necromancers (Lair:5)
  A wolf spider (Lair:2)
  4 orc knights
  A deep elf pyromancer (D:15)
  3 orc sorcerers
  2 cyclopes
  2 manticores
  4 ugly things
  7 elephants
  A toenail golem (Volcano)
  A black mamba (Lair:5)
  3 molten gargoyles (Volcano)
  A gargoyle (D:12)
  A torpor snail (Lair:2)
  An unseen horror (D:12)
  4 komodo dragons
  11 cane toads
  4 yaktaurs
  A kobold blastminer (Orc:2)
  A rime drake (Lair:5)
  3 efreet (Volcano)
  7 ice devils (IceCv)
  An anaconda simulacrum (IceCv)
  3 freezing wraiths (IceCv)
  2 polar bears
  A tengu conjurer (D:13)
  6 trolls
  5 blink frogs (Lair:2)
  4 dream sheep
  2 tarantellas
  A spectral elephant (Lair:5)
  11 slime creatures
  A centaur simulacrum (D:15)
  5 shadows
  Sigmund (D:4)
  A dire elephant simulacrum (IceCv)
  9 wraiths
  46 yaks
  4 vampires
  3 wyverns
  2 redbacks
  4 fire elementals (Volcano)
  5 vampire mosquitoes
  4 basilisks
  A fire bat (shapeshifter) (D:13)
  A steam dragon (D:10)
  3 wargs
  6 death yak simulacra
  A harpy simulacrum (IceCv)
  4 acid dragons
  13 water moccasins
  32 orc warriors
  An ice beast (D:7)
  A sky beast (shapeshifter) (D:13)
  3 black bears
  2 elephant zombies (Lair:5)
  5 ogres
  2 wolves (Lair:3)
  A boggart (D:10)
  11 centaurs
  A lemure (D:7)
  5 kobold brigands
  13 bullfrogs
  2 gnoll sergeants
  3 scorpions (Lair:2)
  2 earth elementals (Volcano)
  A cane toad simulacrum (IceCv)
  A two-headed ogre simulacrum (IceCv)
  6 wights
  An elephant simulacrum (IceCv)
  20 killer bees
  4 electric eels
  3 howler monkeys
  4 hounds
  3 jellies
  6 orc priests
  4 iguanas
  16 orc wizards
  A spriggan simulacrum (D:13)
  4 polar bear simulacra (IceCv)
  3 wolf simulacra (IceCv)
  2 troll simulacra (D:13)
  9 gnolls
  10 adders
  3 naga simulacra (IceCv)
  3 shadow imps
  2 white imps (D:5)
  3 ufetubi
  2 worms
  A worm (shapeshifter) (D:11)
  A dart slug (D:3)
  39 orcs
  5 ball pythons
  11 endoplasms
  4 giant cockroaches
  19 goblins
  15 hobgoblins
  3 quokkas
  4 bats
  5 frilled lizards
  12 kobolds
  3 rats
588 creatures vanquished.

Vanquished Creatures (collateral kills)
  Roxanne (D:14)
  The ghost of Xoh Arhiasm the Grappler, a journeyman TrWr of Uskayaw (Lair:3)
  An eleionoma (Lair:3)
  3 dire elephants (Lair:5)
  A rakshasa (D:15)
  Josephine (Lair:3)
  An ettin (D:13)
  5 hydras
  The ghost of Jiovausog the Nimble, a journeyman DjFE of Lugonu (D:13)
  An ogre mage (D:15)
  A boulder beetle (D:15)
  5 death yaks
  4 two-headed ogres (D:15)
  A tengu warrior (D:15)
  An occultist (D:15)
  A skyshark (Lair:4)
  A spectral death yak (Lair:5)
  An obsidian statue (D:13)
  2 necromancers
  An orc knight (Orc:2)
  An ugly thing (D:14)
  An oklob plant (Lair:3)
  4 elephants (Lair:5)
  3 cyclopes
  3 black mambas
  An ice statue (IceCv)
  2 slime creatures (D:14)
  5 cane toads
  Jeremiah (D:7)
  2 kobold blastminers (Orc:2)
  An unseen horror (D:7)
  A rime drake (Lair:5)
  6 komodo dragons
  A troll (Orc:1)
  7 ice devils (IceCv)
  A tarantella (Spider:1)
  8 dream sheep
  3 blink frogs (Lair:2)
  2 culicivoras (Spider:1)
  2 wyverns
  15 yaks
  2 wraiths (Lair:3)
  A steam dragon (shapeshifter) (D:13)
  2 vampire mosquitoes (D:12)
  A basilisk (D:7)
  2 redbacks
  A warg (Orc:1)
  2 hydra simulacra (IceCv)
  4 water moccasins
  18 orc warriors
  2 ogres
  A sky beast (D:7)
  2 black bears (Lair:3)
  An elephant zombie (Lair:5)
  3 wolves (Lair:3)
  7 centaurs
  A phantom (D:6)
  3 bullfrogs
  3 cane toad simulacra (IceCv)
  A scorpion (D:6)
  3 elephant simulacra (IceCv)
  A howler monkey (D:6)
  3 electric eels
  5 orc priests
  5 orc wizards
  2 polar bear simulacra
  A troll simulacrum (D:13)
  2 spriggan simulacra
  A wolf simulacrum (IceCv)
  A naga simulacrum (D:13)
  2 ufetubi
  25 orcs
  A goblin (D:7)
  2 jackals (D:5)
  5 kobolds (D:9)
  2 butterflies (Lair:3)
222 creatures vanquished.

Vanquished Creatures (others)
  A spectral human (Lair:5)
  An eleionoma zombie (Lair:3)
  A spectral kobold (Orc:1)
  A spectral rakshasa (D:15)
  A spectral elephant (Orc:2)
  2 death yak zombies
  An unseen horror (D:13)
  2 hydra zombies
  A black mamba zombie (Lair:5)
  A spectral ice devil (IceCv)
  A slime creature zombie (D:14)
  2 ogre zombies
  4 two-headed ogre zombies
  A spectral efreet (Volcano)
  2 cane toad zombies
  2 elephant zombies (Lair:4)
  3 dream sheep zombies (Lair:5)
  An elf zombie (D:15)
  A vampire mosquito zombie (D:12)
  2 rime drake zombies (Lair:5)
  A komodo dragon zombie (Lair:5)
  A wyvern zombie (Lair:4)
  4 water moccasin zombies
  12 yak zombies
  A wolf zombie (Lair:3)
  7 centaur zombies
  3 bullfrog zombies
  A basilisk zombie (Lair:4)
  A black bear zombie (D:6)
  A scorpion zombie (Lair:2)
  An orc wizard (Orc:1)
  3 killer bee zombies
  An acid dragon zombie (D:10)
  A hound zombie (D:5)
  2 howler monkey zombies (D:13)
  A steam dragon zombie (D:10)
  A worm zombie (D:11)
  An iguana zombie (D:5)
  An orc (D:6)
  2 gnoll zombies (D:8)
  4 goblin zombies (Bailey)
  2 hobgoblin zombies (Bailey)
  3 kobold zombies
  46 orc zombies
  2 spectral ufetubi
134 creatures vanquished.

Grand Total: 944 creatures vanquished

Notes
Turn   | Place    | Note
-------+----------+-------------------------------------------
     0 | D:1      | Bnni the Minotaur Fighter began the quest for the Orb.
     0 | D:1      | Reached XP level 1. HP: 19/19 MP: 0/0
   172 | D:1      | Found a faded altar of an unknown god.
   175 | D:1      | Reached skill level 3 in Polearms
   268 | D:1      | Reached XP level 2. HP: 27/27 MP: 1/1
   710 | D:2      | Reached XP level 3. HP: 33/33 MP: 2/2
   743 | D:2      | Identified the +2 chain mail of Defiance {rC+ rN+ Regen+
                  | Str-3}
   882 | D:2      | Reached skill level 4 in Polearms
   927 | D:2      | Reached XP level 4. HP: 41/41 MP: 3/3
  1129 | D:2      | Reached skill level 5 in Polearms
  1348 | D:3      | Found an iron altar of Okawaru.
  1685 | D:3      | Reached XP level 5. HP: 47/47 MP: 4/4
  1790 | D:4      | Reached skill level 5 in Fighting
  1922 | D:4      | Reached skill level 6 in Polearms
  2068 | D:4      | Found a basalt altar of Yredelemnul.
  2084 | D:4      | Became a worshipper of Yredelemnul the Dark
  2100 | D:4      | Noticed Sigmund
  2118 | D:4      | Killed Sigmund
  2119 | D:4      | Reached skill level 1 in Invocations
  2119 | D:4      | Reached XP level 6. HP: 55/57 MP: 5/5
  2151 | D:4      | Found a glowing silver altar of Zin.
  2232 | D:4      | Found a broken altar of Ashenzari.
  2235 | D:4      | Found an opulent altar of Gozag.
  2238 | D:4      | Found a hide-covered altar of Uskayaw.
  2241 | D:4      | Found a glowing golden altar of the Shining One.
  2350 | D:5      | Entered Level 5 of the Dungeon
  2361 | D:5      | Found Ohagaud's Magic Scroll Boutique.
  2373 | D:5      | Reached skill level 7 in Polearms
  2387 | D:5      | Bought a scroll of identify for 24 gold pieces
  2387 | D:5      | Bought a scroll of teleportation for 36 gold pieces
  2503 | D:5      | Reached * piety under Yredelemnul
  2514 | D:5      | Found a shimmering altar of Xom.
  2539 | D:5      | Got the Vellum of the Nimbus and the Blizzard
  2579 | D:5      | Reached ** piety under Yredelemnul
  2584 | D:5      | Reached XP level 7. HP: 63/63 MP: 7/7
  2618 | D:5      | Found a runed translucent door.
  2618 | D:5      | Noticed jotaen's ghost (novice MiFi)
  2700 | D:5      | Killed jotaen's ghost
  2701 | D:5      | Reached skill level 8 in Polearms
  2701 | D:5      | Reached XP level 8. HP: 38/73 MP: 7/9
  2931 | D:5      | Reached skill level 9 in Polearms
  3298 | D:6      | Found a snail-covered altar of Cheibriados.
  3379 | D:6      | Reached skill level 10 in Polearms
  3453 | D:6      | Reached XP level 9. HP: 63/81 MP: 7/11
  3498 | D:6      | Reached skill level 5 in Invocations
  3586 | D:6      | Reached skill level 11 in Polearms
  4112 | D:7      | Found a flagged portal.
  4139 | Bailey   | Entered a bailey
  4376 | Bailey   | Reached skill level 12 in Polearms
  4439 | Bailey   | Reached *** piety under Yredelemnul
  4475 | Bailey   | Noticed an orc warlord
  4503 | Bailey   | Killed an orc warlord
  4504 | Bailey   | Reached XP level 10. HP: 37/92 MP: 3/13
  4527 | Bailey   | Reached skill level 13 in Polearms
  4598 | D:7      | Reached skill level 17 in Polearms
  4598 | D:7      | Reached XP level 11. HP: 99/99 MP: 14/14
  4794 | D:7      | Found a shimmering blue altar of Sif Muna.
  4968 | D:7      | Found a staircase to the Ecumenical Temple.
  5053 | D:7      | Reached skill level 10 in Fighting
  5064 | D:7      | Noticed Pikel
  5078 | D:7      | Killed Pikel
  5079 | D:7      | Reached skill level 1 in Dodging
  5121 | D:7      | Noticed Jeremiah
  5132 | D:7      | Killed Jeremiah
  5177 | D:7      | Found an ornate altar of the Wu Jian Council.
  5454 | D:8      | Found a shadowy altar of Dithmenos.
  5629 | D:8      | Reached **** piety under Yredelemnul
  5636 | D:8      | Found Eskom's Jewellery Emporium.
  5691 | D:8      | Reached ***** piety under Yredelemnul
  6054 | D:9      | Reached skill level 5 in Armour
  6066 | D:9      | Reached skill level 5 in Shields
  6164 | D:9      | Found a staircase to the Lair.
  6315 | D:9      | Got the Folio of the Ditch-Digger
  6383 | D:9      | Noticed a two-headed ogre
  6391 | D:9      | Killed a two-headed ogre
  6471 | D:10     | Entered Level 10 of the Dungeon
  6526 | D:10     | Reached skill level 1 in Throwing
  6642 | D:10     | Found a stormy altar of Qazlal.
  6674 | D:10     | Noticed a two-headed ogre
  6682 | D:10     | Killed a two-headed ogre
  6683 | D:10     | Reached XP level 12. HP: 82/108 MP: 17/17
  7012 | D:10     | Reached ****** piety under Yredelemnul
  7237 | D:10     | Found a staircase to the Orcish Mines.
  7293 | D:10     | Found Ikul's Superior Scales.
  7981 | D:11     | Noticed Snorg
  7991 | D:11     | Killed Snorg
  7992 | D:11     | Reached skill level 5 in Dodging
  8555 | D:11     | Upgraded the game from 0.31-a0-1098-g6898e6545c to
                  | 0.31-a0-1099-g7fa767f3fe
  8588 | D:12     | Reached skill level 10 in Invocations
  9614 | D:13     | Noticed a yaktaur captain
  9627 | D:13     | Killed a yaktaur captain
  9629 | D:13     | Reached XP level 13. HP: 43/117 MP: 19/19
  9837 | D:13     | Reached skill level 5 in Throwing
 10018 | D:13     | Found a runed translucent gate.
 10019 | D:13     | Found a runed translucent gate.
 10019 | D:13     | Found a runed translucent gate.
 10019 | D:13     | Found an opulent altar of Gozag.
 10020 | D:13     | Noticed a fire dragon
 10025 | D:13     | Noticed Jiovausog's ghost (journeyman DjFE)
 10025 | D:13     | Noticed an ettin
 10121 | D:13     | Found a frozen archway.
 10141 | IceCv    | Entered an ice cave
 10569 | IceCv    | Found an ancient bone altar of Kikubaaqudgha.
 11348 | D:13     | Found a gateway to a bazaar.
 11566 | D:13     | Killed a fire dragon
 11575 | D:13     | Killed an ettin
 11576 | D:13     | Reached XP level 14. HP: 54/129 MP: 14/22
 11595 | D:13     | Killed Jiovausog's ghost
 11693 | D:14     | Noticed Roxanne
 11813 | D:14     | Found a gate to the Vaults.
 12220 | D:14     | Noticed Louise
 12235 | D:14     | Killed Louise
 12235 | D:14     | Charmed Louise
 12415 | D:14     | Killed Roxanne
 12506 | D:15     | Entered Level 15 of the Dungeon
 12669 | D:15     | Found the brooch of Shielding {Spirit SH+8}
 12773 | D:15     | Reached skill level 10 in Armour
 13132 | D:15     | Found a staircase to the Depths.
 13441 | Lair:1   | Entered Level 1 of the Lair of Beasts
 13631 | Lair:1   | Found a dark tunnel.
 13640 | Volcano  | Entered a volcano
 14213 | Lair:1   | Reached XP level 15. HP: 138/138 MP: 24/24
 14585 | Lair:2   | Found a hole to the Spider Nest.
 14934 | Lair:2   | Noticed Urug
 14940 | Lair:2   | Killed Urug
 15211 | Lair:3   | Noticed Josephine
 15221 | Lair:3   | Killed Josephine
 15270 | Lair:3   | Found a large runed translucent door.
 15271 | Lair:3   | Found a large runed translucent door.
 15287 | Lair:3   | Noticed Xoh Arhiasm's ghost (journeyman TrWr)
 15299 | Lair:3   | Killed Xoh Arhiasm's ghost
 15435 | Lair:3   | Found a staircase to the Swamp.
 16315 | Lair:4   | Reached skill level 10 in Dodging
 16430 | Lair:4   | Identified the +0 chain mail "Unioheux" {Will+}
 16521 | Lair:4   | Found a viscous altar of Jiyva.
 16526 | Lair:4   | Found a staircase to the Slime Pits.
 16557 | Lair:4   | Reached skill level 15 in Invocations
 16842 | Lair:5   | Entered Level 5 of the Lair of Beasts
 16901 | Lair:5   | Reached skill level 15 in Fighting
 17380 | Lair:5   | Reached XP level 16. HP: 149/149 MP: 26/26
 17922 | Lair:5   | Your ally Louise died
 18083 | Lair:5   | Got the Handbook of Harmful Pyromania
 18409 | Orc:1    | Entered Level 1 of the Orcish Mines
 18503 | Orc:2    | Entered Level 2 of the Orcish Mines
 18567 | Orc:2    | Found Xaed's Assorted Antiques.
 18567 | Orc:2    | Found Paestrehu's Armour Emporium.
 18571 | Orc:2    | Found Xonoef's Antique Weapon Shoppe.
 18573 | Orc:2    | Found Fom Ciym's Magic Scroll Boutique.
 18703 | Orc:2    | Bought a scroll of identify for 62 gold pieces
 18706 | Orc:2    | Bought a scroll of identify for 28 gold pieces
 18706 | Orc:2    | Bought a scroll of identify for 28 gold pieces
 18706 | Orc:2    | Bought a scroll of fog for 56 gold pieces
 18793 | Orc:2    | Found a flickering gateway to a bazaar.
 18807 | Orc:2    | Reached skill level 10 in Throwing
 18808 | Bazaar   | Entered a bazaar
 18810 | Bazaar   | Found Viov's Assorted Antiques.
 18814 | Bazaar   | Bought a metallic black potion for 26 gold pieces
 18814 | Bazaar   | Found Osmuagg's Antique Armour Boutique.
 18814 | Bazaar   | Found Izaza's Antique Weapon Boutique.
 18814 | Bazaar   | Found Tuycw's Magic Scroll Boutique.
 18856 | Bazaar   | Bought a scroll of identify for 20 gold pieces
 18856 | Bazaar   | Bought a scroll of identify for 20 gold pieces
 18866 | Bazaar   | Bought the +5 Storm Queen's Shield {shock, Fly rElec} for
                  | 684 gold pieces
 18866 | Bazaar   | Found the +5 Storm Queen's Shield {shock, Fly rElec}
 18872 | Bazaar   | Bought a scroll of blinking for 75 gold pieces
 18989 | Orc:2    | Found a staircase to the Elven Halls.
 19717 | Spider:1 | Entered Level 1 of the Spider Nest
 19718 | Spider:1 | Noticed Asterion
 19825 | Spider:1 | HP: 7/150 [wolf spider (3)]
 19826 | Spider:1 | Slain by a balrug

Illustrated notes

Levels and vault maps discovered:
D:1:      eino_arrival_cavern_d, layout_loops_ring,
          chequers_ecumenical_altar_simple
D:2:      layout_rooms
D:3:      minmay_skewed_foursquare, layout_rooms, amcnicky_altar_gilded
D:4:      layout_gridville, old_standard_altar, lemuel_coloured_pillars_altar,
          grunt_temple_overflow_cloverleaf, chequers_jeans, uniq_sigmund
D:5:      layout_basic, mainiacjoe_overflow_cross_hatched, serial_shops, shop,
          hellmonk_ghost_happy_afterlife, grunt_decor_junction
D:6:      layout_basic, mainiacjoe_overflow_catwalk, serial_bayou,
          serial_bayou_lake_a, serial_bayou_crossing, serial_bayou_pond_a,
          serial_bayou_lagoon_a, serial_bayou_pond_b
D:7:      layout_gridville, nicolae_wu_jian_immortal_techniques,
          kennysheep_orc_sif_temple, minmay_temple_entry_sparse_star,
          enter_bailey_5, uniq_pikel, uniq_jeremiah
D:8:      layout_basic, grunt_dithmenos_smoke, serial_shops, shop, st_stairs_2
D:9:      layout_rooms, grunt_lair_entry_orc_guard_hut
D:10:     minmay_imperfect_grid, layout_rooms, mainiacjoe_overflow_brackets,
          hellmonk_scale_shop
D:11:     layout_cave_pods, minmay_misc_feat_encased, uniq_snorg
D:12:     layout_basic
D:13:     hangedman_surveillance_ring, layout_layer_cave,
          portal_ice_cave_entry_ice_simulacra, ebering_ghost_gozag,
          gauntlet_entry_generic, serial_shops, bzr_entry_road
D:14:     layout_cave_pools, david_vaults_2, minmay_misc_feat_nine_boxes,
          uniq_louise, uniq_roxanne
D:15:     grunt_enter_depths_hoard, layout_basic
Lair:1:   layout_roguey, lightli_volcano_entry_magma_tube, serial_bayou_pond_e,
          grunt_forest_small_clearing_treed
Lair:2:   layout_cave_shapes, nicolae_spider_entry_lesser_pyramids, uniq_urug
Lair:3:   layout_regular_city, alex1729_swamp_entry_worm_eleionoma,
          ebering_ghost_disaster_area, nicolae_quartered_pool_medium,
          beast_lair_carwin_6, lemuel_fruit_fields, uniq_josephine
Lair:4:   layout_loops_ring, slime_entry_1, infiniplex_staircase_pool_2,
          grunt_megastairs_2, serial_bayou_shore_a
Lair:5:   due_jungle_book, layout_cave_pods, infiniplex_staircase_pool
Spider:1: layout_spider_delve, hangedman_spider_tarantella_strand, uniq_nikola,
          uniq_asterion, uniq_rupert
Orc:1:    cheibrodos_orc_arena, layout_caves
Orc:2:    st_orc_rangers, layout_caves, serial_shops, bzr_entry_gold

Skill      XL: |  1  2  3  4  5  6  7  8  9 10 11 12 13 14 15 16 |
---------------+-------------------------------------------------+-----
Polearms       | 3 4 5 6 7 8 10 12 17 | 17.1
Fighting       | 4 5 6 7 8 9 10 11 13 14 15 | 15.7
Invocations    | 1 3 4 6 8 10 12 13 15 16 | 16.1
Armour         | 5 7 9 10 12 | 12.7
Dodging        | 3 5 7 9 10 11 | 11.2
Shields        | 5 |  5.3
Throwing       | 1 4 6 8 9 10 | 10.1

Action                     |  1- 3 |  4- 6 |  7- 9 | 10-12 | 13-15 | 16-18 || total
---------------------------+-------+-------+-------+-------+-------+-------++-------
  Melee: Trident           |    74 |   185 |   321 |    11 |       |       ||   591
         Headbutt          |     8 |    22 |    46 |    90 |   184 |    72 ||   422
         Halberd           |       |       |       |   505 |   369 |       ||   874
         Glaive            |       |       |       |       |   488 |   285 ||   773
  Throw: Dart              |       |       |     1 |       |       |     3 ||     4
         Boomerang         |       |       |       |       |     3 |       ||     3
 Invoke: Dark Bargain      |       |       |     5 |     6 |    17 |    10 ||    38
         Recall Undead Har |       |       |     3 |    18 |    11 |    10 ||    42
         Bind Soul         |       |       |       |       |     2 |     4 ||     6
         Drain Life        |       |       |       |       |       |     1 ||     1
  Evoke: Wand              |       |       |       |       |       |     2 ||     2
    Use: Scroll            |       |     3 |       |    10 |     5 |     9 ||    27
         Potion            |       |       |     2 |     2 |     6 |     1 ||    11
   Stab: Distracted        |       |       |       |     3 |    20 |     8 ||    31
 Armour: Scale mail        |     3 |       |       |       |       |       ||     3
         Chain mail        |    37 |   111 |   178 |   333 |   733 |   299 ||  1691
  Dodge: Dodged            |    24 |    37 |    68 |   149 |   348 |   197 ||   823
  Block: Buckler           |    11 |    17 |    47 |       |       |       ||    75

Table legend: (Time is in decaauts)
 A = Elapsed time spent in this place.
 B = Non-inter-level travel time spent in this place.
 C = Inter-level travel time spent in this place.
 D = Time resting spent in this place.
 E = Time spent auto-exploring this place.
 F = Levels seen in this place.
 G = Mean time per level.
                   A        B        C        D        E       F      G
               +--------+--------+--------+--------+--------+-----+--------+
         Total |  19455 |  18292 |   1163 |   1216 |  11605 |  27 |  720.6 |
       Dungeon |  11915 |  11181 |    734 |    734 |   7521 |  15 |  794.3 |
          Lair |   4727 |   4359 |    368 |     72 |   3035 |   5 |  945.4 |
   Spider Nest |     31 |     31 |      0 |      0 |      0 |   1 |   31.0 |
  Orcish Mines |   1126 |   1066 |     60 |     72 |    654 |   2 |  563.0 |
        Bazaar |     85 |     85 |      0 |      0 |      0 |   1 |   85.0 |
        Bailey |    418 |    418 |      0 |     37 |      8 |   1 |  418.0 |
      Ice Cave |    869 |    869 |      0 |    201 |    387 |   1 |  869.0 |
       Volcano |    281 |    281 |      0 |    100 |      0 |   1 |  281.0 |
               +--------+--------+--------+--------+--------+-----+--------+

Top non-repeatable levels by time:
  Lair:5: 1455 daAuts
    D:13: 1170 daAuts
    D:12: 1059 daAuts
    D:11: 1039 daAuts
  Lair:3: 1025 daAuts
    D:10: 1021 daAuts
     D:6: 896 daAuts
   IceCv: 869 daAuts
     D:5: 822 daAuts
    D:14: 804 daAuts
    D:15: 790 daAuts
  Lair:1: 789 daAuts
  Lair:2: 766 daAuts
     D:7: 736 daAuts
     D:1: 700 daAuts
